 Dungeon Crawl Stone Soup version 0.30.1-9-gdf580d7c3d (webtiles) character file.

Game seed: 5814820772950775912

464 H0rd4k the Charlatan (level 7, -7/52 HPs)
             Began as a Human Artificer on Oct 25, 2023.
             Was an Initiate of Gozag.
             Mangled by an ogre
             ... wielding a +0 giant club
              (24 damage)
             ... on level 5 of the Dungeon.
             The game lasted 00:05:56 (3864 turns).

H0rd4k the Charlatan (Human Artificer)              Turns: 3864, Time: 00:05:57

Health: -7/52      AC:  6    Str: 13    XL:     7   Next: 29%
Magic:  0/9        EV: 12    Int: 13    God:    Gozag
Gold:   339        SH:  0    Dex: 13    Spells: 9/9 levels left

rFire   . . .        z - +1 whip (elec)
rCold   . . .        (no shield)
rNeg    . . .        b - +0 leather armour
rPois   .            p - +0 helmet
rElec   .            l - +0 cloak
rCorr   +            c - +0 pair of gloves
SInv    .            (no boots)
Will    .....        B - amulet of guardian spirit
Stlth   +            q - ring of resist corrosion
HPRegen 0.28/turn    j - ring of wizardry
MPRegen 0.11/turn

%: guardian spirit, wizardry (x1)
@: no status effects
A: no striking features
a: Renounce Religion, Potion Petition, Call Merchant, Bribe Branch


You were on level 5 of the Dungeon.
You worshipped Gozag.
Gozag was aware of your devotion.
You visited 2 branches of the dungeon, and saw 6 of its levels.

You collected 426 gold pieces.
You paid 87 gold pieces to Gozag.

Inventory:

Hand Weapons
 z - a +1 whip of electrocution (weapon)
Missiles
 f - 15 poisoned darts
Armour
 b - a +0 leather armour (worn)
 c - a +0 pair of gloves (worn)
 l - a +0 cloak (worn)
 p - a +0 helmet (worn)
Jewellery
 j - a ring of wizardry (right hand)
 q - a ring of resist corrosion (left hand)
 w - an amulet of magic regeneration
 B - an amulet of guardian spirit (around neck)
Wands
 d - a wand of charming (7)
 e - a wand of iceblast (3)
Scrolls
 h - 3 scrolls of fear {unknown}
 k - 2 scrolls of magic mapping {unknown}
 m - 7 scrolls of identify {unknown}
 n - 2 scrolls of amnesia {unknown}
 o - 3 scrolls of enchant weapon {unknown}
 r - 2 scrolls of immolation {unknown}
 s - 2 scrolls of teleportation {unknown}
 u - a scroll of poison {unknown}
 x - 3 scrolls of blinking {unknown}
 y - a scroll of vulnerability {unknown}
 A - a scroll of silence {unknown}
 C - a scroll of fog {unknown}
 D - a scroll of torment {unknown}
Potions
 a - a potion of mutation {unknown}
 g - a potion of resistance {unknown}
 i - 2 potions of cancellation {unknown}
 t - 2 potions of heal wounds {unknown}
 v - a potion of brilliance {unknown}
 E - a potion of haste {unknown}
 F - a potion of ambrosia {unknown}
 G - a potion of flight {unknown}


   Skills:
 + Level 3.1 Fighting
 + Level 3.6 Maces & Flails
 - Level 2.0 Armour
 + Level 2.8 Dodging
 - Level 1.0 Stealth
 * Level 1.9 Spellcasting
 + Level 4.5 Evocations


You had 9 spell levels left.
You didn't know any spells.
Your spell library contained the following spells:

 Spells                   Type           Power      Damage    Failure   Level
 Dazzling Flash           Conj/Hex       2%         N/A       36%         3
 Vhi's Electric Charge    Tloc/Air       2%         N/A       36%         3
 Anguish                  Hex/Necr       0%         N/A       75%         4
 Cause Fear               Hex            0%         N/A       75%         4
 Sticky Flame             Conj/Fire      1%         2d3       75%         4
 Agony                    Necr           1%         N/A       97%         5
 Arcjolt                  Conj/Air       0%         1d10      97%         5
 Fireball                 Conj/Fire      0%         3d3       97%         5
 Silence                  Hex/Air        0%         N/A       97%         5
 Plasma Beam              Fire/Air       0%         2x1d11    100%        6
 Enfeeble                 Hex            0%         N/A       100%        7


Dungeon Overview and Level Annotations

Branches:
Dungeon (5/15)             Temple (1/1) D:4

Altars:
Dithmenos
Elyvilon
Fedhas
Gozag
Hepliaklqana
Kikubaaqudgha
Makhleb
Qazlal
Ru
Sif Muna
Vehumet
Wu Jian
Xom
Yredelemnul
Zin

Annotations:
D:1 exclusion: downstairs
D:5 exclusion: yak


Message History

The ogre is moderately wounded.
The ogre barely misses you.
You completely miss the ogre.
The ogre is moderately wounded.
Aiming: Charm
Press: ? - help, Shift-Dir - straight line, f/p - ogre
Aim: an ogre, wielding a +0 giant club (moderately wounded, chance to affect: 60%)
The ogre is charmed.
Unknown command.
What are your orders? t - Shout!
Orders for allies: a - Attack new target. p - Attack previous target. r - Retreat! s - Stop attacking. g - Guard the area. f - Follow me.
Anything else - Cancel.
Guard this area!
The scorpion stings your ogre.
Your ogre hits the scorpion with a +0 giant club!
The scorpion barely misses your ogre. Something stings your ogre.
Your ogre closely misses something.
Something stings your ogre.
Your ogre hits the scorpion with a +0 giant club!!
The scorpion dies!
You now have 331 gold pieces (gained 7).
You see here a +0 pair of boots.
You now have 339 gold pieces (gained 8).
Really attack your ogre?
You catch your helpless ogre completely off-guard!
You hit your ogre.
The ogre is no longer charmed.
The ogre is heavily wounded.
The ogre hits you with a +0 giant club!
You hit the ogre.
The ogre is heavily wounded.
The ogre hits you with a +0 giant club!!
You barely miss the ogre.
The ogre is heavily wounded.
You hit the ogre.
The ogre is severely wounded.
The ogre hits you with a +0 giant club!!
You die...
Your body crumbles into a pile of gold.

##########............
........[.############
................####
....................
....................
....................
....#....)..........
....#........O......
... #.......@.......
.. #...............
#...............
#...............
#......#+#######
########


You could see an ogre.

Vanquished Creatures
  A jelly (D:4)
  A hound (D:4)
  Jessica (D:2)
  An iguana (D:5)
  2 orc wizards (D:5)
  8 adders
  4 worms
  A dart slug (D:1)
  6 orcs
  10 bats
  9 endoplasms
  5 giant cockroaches
  3 goblins
  6 hobgoblins
  5 kobolds
  A quokka (D:2)
  9 ball pythons
  2 frilled lizards
  3 rats
78 creatures vanquished.

Vanquished Creatures (collateral kills)
  A phantom (D:5)
  A scorpion (D:5)
  2 adders
  A kobold (D:4)
5 creatures vanquished.

Vanquished Creatures (others)
  A hound (D:5)
1 creature vanquished.

Grand Total: 84 creatures vanquished

Notes
Turn   | Place    | Note
-------+----------+-------------------------------------------
     0 | D:1      | H0rd4k the Human Artificer began the quest for the Orb.
     0 | D:1      | Reached XP level 1. HP: 15/15 MP: 1/1
   262 | D:1      | Reached XP level 2. HP: 6/21 MP: 2/2
   968 | D:2      | Found a faded altar of an unknown god.
  1028 | D:2      | Reached XP level 3. HP: 25/26 MP: 3/3
  1041 | D:2      | Noticed Jessica
  1047 | D:2      | Killed Jessica
  1048 | D:2      | Reached skill level 4 in Evocations
  1048 | D:2      | Reached XP level 4. HP: 15/33 MP: 4/4
  1265 | D:2      | Reached skill level 1 in Maces & Flails
  1420 | D:2      | Identified the +1 whip "Herukumea" {spect, rElec rC- rN++
                  | Str+3}
  1504 | D:2      | Reached XP level 5. HP: 38/38 MP: 5/5
  2505 | D:4      | Found a shadowy altar of Dithmenos.
  2560 | D:4      | Found a staircase to the Ecumenical Temple.
  2584 | Temple   | Entered the Ecumenical Temple
  2652 | Temple   | Became a worshipper of Gozag Ym Sagoz the Greedy
  2743 | D:4      | Found an ornate altar of the Wu Jian Council.
  2778 | D:4      | Reached skill level 1 in Spellcasting
  2778 | D:4      | Reached XP level 6. HP: 36/44 MP: 7/7
  2920 | D:4      | Got Qyilutig's Tome of Combustion
  3238 | D:5      | Entered Level 5 of the Dungeon
  3367 | D:5      | Identified the +3 spear of the Owl {vamp, rC+ Str+3 Int+3
                  | Dex+2}
  3466 | D:5      | Noticed a yak
  3686 | D:5      | Noticed an ogre
  3718 | D:5      | Reached XP level 7. HP: 31/52 MP: 4/9
  3864 | D:5      | Mangled by an ogre

Illustrated notes

Levels and vault maps discovered:
D:1:      dpeg_arrival_water_temple_mockup, layout_basic,
          minmay_misc_feat_secret_circle, nicolae_kite_square_tiling_tiny,
          kennysheep_nondescript
D:2:      layout_basic, nicolae_ecumenical_oubliette, uniq_jessica
D:3:      layout_loops_cross
D:4:      layout_rooms, old_standard_altar, mainiacjoe_overflow_small_starburst,
          minmay_temple_entry_stoned_glass
D:5:      corexii_shack_village, layout_basic
Temple:   nicolae_temple_superstar

Skill      XL: |  1  2  3  4  5  6 |
---------------+-------------------+-----
Evocations     | 4 |  4.5
Maces & Flails | 1 2 3 |  3.6
Fighting       | 2 3 |  3.1
Dodging        | 2 |  2.8
Spellcasting   | 1 |  1.9
Armour         | |  2.0
Stealth        | |  1.0

Action                     |  1- 3 |  4- 6 |  7- 9 || total
---------------------------+-------+-------+-------++-------
  Melee: Club              |    71 |   105 |       ||   176
         Punch             |       |     4 |       ||     4
         Mace              |       |    48 |       ||    48
         Whip              |       |    87 |     9 ||    96
  Evoke: Wand              |     6 |    18 |     1 ||    25
   Stab: Sleeping          |     2 |     2 |       ||     4
         Betrayed ally     |       |       |     1 ||     1
 Armour: Leather armour    |    19 |    90 |       ||   109
  Dodge: Dodged            |    62 |   176 |     2 ||   240
